 Dungeon Crawl Stone Soup version 0.22.1-2-g9c5b331 (webtiles) character file.

40 redwoodhats the Ruffian (level 3, 0/28 HPs)
             Began as a Draconian Transmuter on Nov 27, 2018.
             Slain by a goblin
             ... wielding a +0 rapier
              (1 damage)
             ... on level 2 of the Dungeon.
             The game lasted 00:05:14 (1055 turns).

redwoodhats the Ruffian (Draconian Transmuter)      Turns: 1055, Time: 00:05:15

Health: 0/28       AC:  5    Str: 12 (13) XL:     3   Next: 30%
Magic:  6/6        EV: 12    Int: 12 (13) God:
Gold:   40         SH:  0    Dex:  8 (11) Spells: 5/6 levels left

rFire    . . .     SeeInvis .   f - -1 dagger (curse)
rCold    . . .     Gourm    .   (no shield)
rNeg     . . .     Faith    .   (armour unavailable)
rPois    .         Spirit   .   (helmet restricted)
rElec    .         Reflect  .   (no cloak)
rCorr    .         Harm     .   (no gloves)
MR       .....                  (no boots)
Stlth    +.........             (no amulet)
HPRegen  0.09/turn              (no ring)
MPRegen  0.10/turn              (no ring)

@: no status effects
A: unfitting armour, cold-blooded, AC +5
a: no special abilities


You were on level 2 of the Dungeon.
You were not hungry.

You visited 1 branch of the dungeon, and saw 2 of its levels.

You collected 40 gold pieces.

Inventory:

Hand Weapons
 f - a cursed -1 dagger (weapon)
 n - a +1 antimagic dagger
Missiles
 a - 29 arrows
Armour
 e - a +1 helmet
 i - a +0 robe
Jewellery
 j - an uncursed ring of ice {unknown}
Wands
 b - a wand of enslavement (9)
Scrolls
 d - 2 scrolls of amnesia
Potions
 g - a potion of degeneration
Comestibles
 c - a ration


   Skills:
 + Level 1.1 Fighting
 + Level 2.1 Dodging
 + Level 0.7 Stealth
 + Level 3.6 Unarmed Combat
 + Level 2.4 Spellcasting
 + Level 2.0 Transmutations


You had 5 spell levels left.
You knew the following spells:

 Your Spells              Type           Power        Failure   Level  Hunger
a - Beastly Appendage     Tmut           #.....       12%         1    ##.....

Your spell library contained the following spells:

 Spells                   Type           Power        Failure   Level  Hunger
 Sticks to Snakes         Tmut           #.......     17%         2    ###....
 Spider Form              Tmut/Pois      #.........   45%         3    ####...
 Ice Form                 Ice/Tmut       #.......     86%         4    #####..
 Blade Hands              Tmut           #.........   97%         5    ######.


Dungeon Overview and Level Annotations

Branches:
Dungeon (2/15)

Altars:


Innate Abilities, Weirdness & Mutations

Your plain brown scales are hard. (AC +5)
You cannot fit into any form of body armour.
You are cold-blooded and may be slowed by cold attacks.


Message History

You eat one of the 2 rations.
That ration really hit the spot!
The goblin shouts!
The goblin barely misses you.
You closely miss the goblin.
Your tail-slap misses the goblin.
The goblin hits you with a rapier!
You barely miss the goblin. Your punch misses the goblin.
The goblin closely misses you.
You hit the goblin but do no damage.
The goblin drinks a potion.
The goblin suddenly seems more agile.
You miss the goblin. The goblin closely misses you.
You miss the goblin. You closely miss the goblin.
Your tail-slap misses the goblin.
The goblin hits you with a rapier.
* * * LOW HITPOINT WARNING * * *
You miss the goblin. The goblin closely misses you.
You miss the goblin. The goblin hits you with a rapier.
* * * LOW HITPOINT WARNING * * *
You hit the goblin but do no damage.
Your tail-slap misses the goblin.
The goblin hits you with a rapier.
You die...

#.....###....
#....)###..#.### #.........##
..# ###......#######.#
............##...##
#..............(..######## .
#..............(!........#...
...#.##.......g......).....#.
..... #.......@..............
..### #...........#####...!..
. ###...##...## ##...#
########## .... ###


You could see a goblin.

Vanquished Creatures
  An ooze (D:1)
  A dart slug (D:1)
  A leopard gecko (D:1)
  3 giant cockroaches (D:1)
  5 goblins
  6 hobgoblins
  3 kobolds
  A ball python (D:1)
  2 bats (D:1)
  2 frilled lizards (D:1)
  6 rats (D:1)
31 creatures vanquished.

Notes
Turn   | Place    | Note
-------+----------+-------------------------------------------
     0 | D:1      | redwoodhats the Draconian Transmuter began the quest for
                  | the Orb.
     0 | D:1      | Reached XP level 1. HP: 16/16 MP: 3/3
    66 | D:1      | Reached XP level 2. HP: 16/23 MP: 5/5
   507 | D:1      | Reached XP level 3. HP: 15/28 MP: 6/6
  1054 | D:2      | HP: 1/28 [goblin/rapier (6)]
  1055 | D:2      | Slain by a goblin

Skill      XL: |  1  2 |
---------------+-------+-----
Dodging        | 2 |  2.1
Fighting       | |  1.1
Stealth        | |  0.7
Unarmed Combat | |  3.6
Spellcasting   | |  2.4
Transmutations | |  2.0

Action                   || total
-------------------------++-------
Melee: Unarmed           ||    73
       Kick              ||     7
       Headbutt          ||     3
       Tailslap          ||    10
       Dagger            ||    23
 Cast: Beastly Appendage ||    10
  Use: Scroll            ||     5
       Potion            ||     2
 Stab: Sleeping          ||     1
  Eat: Ration            ||     1
Armor: Skin              ||    25
Dodge: Dodged            ||    54
